 Dungeon Crawl Stone Soup version 0.31-a0-369-g8eba5f6939 (webtiles) character file.

Game seed: 11847695786286678204

879 runemasterragnar the Changeling (level 8, 0/78 HPs)
             Began as an Octopode Shapeshifter on July 28, 2023.
             Was an Initiate of Gozag.
             Killed by divine providence
             ... invoked by an orc priest
              (13 damage)
             ... on level 6 of the Dungeon.
             The game lasted 00:09:25 (6084 turns).

runemasterragnar the Changeling (OpSh)              Turns: 6084, Time: 00:09:26

Health: 0/78       AC: 24    Str: 16    XL:     8   Next: 5%
Magic:  17/17      EV:  2    Int: 11    God:    Gozag
Gold:   501        SH:  0    Dex: 12    Spells: 7/7 levels left

rFire   . .          .
                       - Unarmed
rCold   + . .        (no shield)
rNeg    . . .        (helmet currently unavailable)
rPois   +            (no amulet)
rElec   .            d - ring of magical power
rCorr   .            m - ring of protection from cold
SInv    +            s - ring of see invisible
Will    .....        (no ring)
Stlth   +++          (no ring)
HPRegen 0.33/turn    (no ring)
MPRegen 0.15/turn    (no ring)
                     (no ring)

%: no passive effects
@: tree-form
A: stationary, stasis, torment immunity, boosted hp, almost no armour,
(amphibious), 8 rings, (camouflage 1), (gelatinous body 1), (nimble swimmer 1),
(tentacles)
a: Renounce Religion, Potion Petition, Call Merchant, Bribe Branch


You were on level 6 of the Dungeon.
You worshipped Gozag.
Gozag was pleased with you.
You were a tree.
You visited 1 branch of the dungeon, and saw 6 of its levels.
You also visited: Sewer.

You collected 550 gold pieces.
You paid 49 gold pieces to Gozag.

Inventory:

Hand Weapons
 g - a +0 rapier of holy wrath
Missiles
 x - 6 poisoned darts
Magical Staves
 k - a staff of death
Jewellery
 d - a ring of magical power (left branch)
 m - a ring of protection from cold (right branch)
 s - a ring of see invisible (on tentacle)
 y - a ring of magical power
Talismans
 b - a beast talisman
 u - a beast talisman
Wands
 q - a wand of charming (8)
 v - a wand of polymorph (10)
 z - a wand of roots (10)
Scrolls
 a - 2 scrolls of butterflies
 c - a scroll of fog {unknown}
 e - 2 scrolls of teleportation
 f - a scroll of amnesia {unknown}
 h - 4 scrolls of enchant armour {unknown}
 l - 2 scrolls of noise {unknown}
 n - 2 scrolls of fear {unknown}
 r - 4 scrolls of identify
 t - a scroll of brand weapon {unknown}
Potions
 j - 4 potions of enlightenment
 o - 2 potions of brilliance
 p - a potion of curing
 w - a potion of resistance {unknown}


   Skills:
 + Level 3.5 Fighting
 + Level 4.0 Dodging
 + Level 4.7 Stealth
 + Level 4.5 Unarmed Combat
 * Level 5.3 Shapeshifting


You had 7 spell levels left.
You didn't know any spells.
Your spell library contained the following spells:

 Spells                   Type           Power      Damage    Failure   Level
 Apportation              Tloc           0%         N/A       34%         1
 Necrotise                Necr           0%         1d4       34%         1
 Summon Small Mammal      Summ           0%         N/A       34%         1
 Ensorcelled Hibernation  Hex/Ice        0%         N/A       47%         2
 Passwall                 Tmut/Erth      0%         N/A       47%         2
 Hailstorm                Conj/Ice       0%         3d3       71%         3
 Swiftness                Air            0%         N/A       71%         3
 Summon Ice Beast         Ice/Summ       0%         N/A       98%         4
 Ozocubu's Refrigeration  Ice            0%         4d7       100%        7
 Polar Vortex             Ice            0%         N/A       100%        9
 Simulacrum               Ice/Necr       Unusable   N/A       N/A         6

Dungeon Overview and Level Annotations

Branches:
Dungeon (6/15)             Temple (0/1) D:5           Sewer (visited)

Altars:
Ashenzari
Cheibriados
Elyvilon
Gozag
Okawaru
Sif Muna
Uskayaw
Vehumet
Xom

Shops:
D:2 (   D:4 [


Innate Abilities, Weirdness & Mutations

You are a tree.
Your roots penetrate the ground, keeping you stationary.
You cannot be teleported.
You are immune to unholy pain and torment.
Your maximum health is greatly increased.
You cannot wear most types of armour.
((You are amphibious.))
You can wear up to eight rings at the same time.
((Your skin changes colour to match your surroundings (Stealth+).))
((Your rubbery body absorbs attacks. (AC +1, EV +1)))
((You are camouflaged when in or above water. (Stealth+)))
((You have tentacles for arms and can constrict up to eight enemies at once.))


Message History

The orc warrior shouts!
The orc warrior unwields a +0 battleaxe.
The orc warrior wields a +0 orcbow.
The orc warrior shoots an arrow.
The arrow misses you.
The orc priest shouts!
The orc warrior unwields a +0 orcbow.
The orc warrior wields a +0 battleaxe.
The orc warrior hits you with a +0 battleaxe!!
You barely miss the orc warrior. Your grab misses the orc warrior.
You squeeze the orc warrior, but do no damage.
Unknown command.
Really quaff the potion of lignification?
Your transformation has ended.
You turn into a tree.
Your roots penetrate the ground.
The orc warrior hits you with a +0 battleaxe.
The orc priest begins to cast a cantrip, but forgets the words!
Unknown command.
You closely miss the orc warrior.
The orc warrior hits you with a +0 battleaxe.
You smack the orc warrior!
The orc warrior is heavily wounded.
The orc warrior hits you but does no damage.
The orc priest calls down the wrath of Beogh upon you.
Beogh smites you!
You closely miss the orc warrior.
The orc warrior is heavily wounded.
The orc warrior hits you but does no damage.
Unknown command.
You barely miss the orc warrior.
The orc warrior is heavily wounded.
The orc priest mumbles some strange prayers to Beogh against you.
Beogh smites you!
* * * LOW HITPOINT WARNING * * *
The orc warrior hits you with a +0 battleaxe.
* * * LOW HITPOINT WARNING * * *
You completely miss the orc warrior.
The orc warrior is heavily wounded.
The orc priest mumbles some strange prayers to Beogh against you.
Beogh smites you!
You die...
Your body crumbles into a pile of gold.

..................
...####.#####...##
#.#####...## ####
#.......§§§. ..#
##§§§§≈≈§§≈§ #.#
##§≈§§..§§§≈ .
#.#####..§§≈≈§≈≈.≈
....###..##..§.≈§§_..≈.≈
....o5o♣..#...§≈.≈≈≈§≈.§
....####..#....≈.....≈§§
#...... #..#....≈≈≈≈≈≈≈§≈
#...... #.........≈..§..≈
#..... ##.#....≈.≈.≈§≈.≈
#..... #......≈.≈.§§≈.≈
#[... ##......≈.≈≈≈≈≈.≈
#.#.#+###.##......≈.......§
#....<....##.#.##.≈≈§§§≈≈≈≈


You could see an orc warrior, an orc priest and an ufetubus.

Vanquished Creatures
  A black bear (D:6)
  A centaur (D:5)
  A bullfrog (D:6)
  A kobold brigand (Sewer)
  2 scorpions (D:6)
  3 orc priests
  4 orc wizards
  An iguana (D:5)
  10 adders
  2 river rats
  A white imp (D:6)
  2 worms
  5 dart slugs
  20 orcs
  7 ball pythons
  8 bats
  4 endoplasms
  6 giant cockroaches
  7 hobgoblins
  7 jackals
  11 kobolds
  3 quokkas
  6 frilled lizards
  4 goblins
  6 rats
123 creatures vanquished.

Vanquished Creatures (collateral kills)
  A butterfly (D:5)
1 creature vanquished.

Grand Total: 124 creatures vanquished

Notes
Turn   | Place    | Note
-------+----------+-------------------------------------------
     0 | D:1      | runemasterragnar the Octopode Shapeshifter began the quest
                  | for the Orb.
     0 | D:1      | Reached XP level 1. HP: 13/13 MP: 1/1
   199 | D:1      | Reached XP level 2. HP: 17/18 MP: 2/2
   379 | D:1      | Reached skill level 1 in Stealth
   510 | D:1      | Found a faded altar of an unknown god.
   552 | D:1      | Prayed at the altar of an unknown god.
   552 | D:1      | Became a worshipper of Sif Muna the Loreminder
   552 | D:1      | Reached * piety under Sif Muna
   553 | D:1      | Fell from the grace of Sif Muna
   642 | D:1      | Reached XP level 3. HP: 23/23 MP: 3/3
  1036 | D:2      | Found Urienoz's Antique Weapon Emporium.
  1703 | D:3      | Found a shimmering blue altar of Sif Muna.
  1759 | D:3      | Reached XP level 4. HP: 28/28 MP: 4/4
  1764 | D:3      | Found a hide-covered altar of Uskayaw.
  2002 | D:3      | Reached XP level 5. HP: 7/34 MP: 5/5
  2651 | D:3      | Reached skill level 4 in Shapeshifting
  2822 | D:4      | Reached XP level 6. HP: 27/40 MP: 6/6
  2939 | D:4      | Found Nuoraymp's Armour Emporium.
  3437 | D:4      | Found an iron altar of Okawaru.
  3444 | D:4      | Found an opulent altar of Gozag.
  3747 | D:4      | Became a worshipper of Gozag Ym Sagoz the Greedy
  3773 | D:5      | Entered Level 5 of the Dungeon
  3809 | D:5      | Found a staircase to the Ecumenical Temple.
  3843 | D:5      | Found a broken altar of Ashenzari.
  3911 | D:5      | Found a shimmering altar of Xom.
  4085 | D:5      | Found a snail-covered altar of Cheibriados.
  4157 | D:5      | Found a glowing drain.
  4168 | Sewer    | Entered a sewer
  4768 | Sewer    | Reached XP level 7. HP: 41/45 MP: 7/7
  5316 | D:6      | Found a radiant altar of Vehumet.
  5317 | D:6      | Found a white marble altar of Elyvilon.
  5526 | D:6      | Reached skill level 5 in Shapeshifting
  5953 | D:6      | Reached XP level 8. HP: 52/52 MP: 8/8
  6084 | D:6      | Killed from afar by an orc priest

Illustrated notes

Levels and vault maps discovered:
D:1:      dpeg_arrival_pits, layout_loops_corners,
          shapermc_ecumenical_altar_venn, amcnicky_mini_rare_corridor_liquid
D:2:      layout_basic, serial_shops, shop_fountains,
          chequers_serial_rivers_micro_b
D:3:      layout_loops_ring, mainiacjoe_overflow_tiny_flanked,
          mainiacjoe_overflow_brackets, minmay_misc_feat_square,
          hangedman_decor_riveting, minmay_misc_feat_pillars
D:4:      layout_loops_ring, amethyst_overflow_temple_binary, serial_shops,
          shop, st_stairs_4, due_unseen_surprise
D:5:      layout_cave_pools, xom_butterflies, kennysheep_slug_shrine,
          mainiacjoe_overflow_paths, temple_doors_e, portal_sewer_entry_e
D:6:      layout_basic, mainiacjoe_overflow_catwalk_spiral, dk_noncrumbling_3,
          minmay_misc_feat_rows, hex_medium

Skill      XL: |  1  2  3  4  5  6  7 |
---------------+----------------------+-----
Stealth        | 1 2 3 4 |  4.7
Fighting       | 2 3 |  3.5
Shapeshifting  | 4 5 |  5.3
Dodging        | 3 4 |  4.0
Unarmed Combat | 4 |  4.5

Action                     |  1- 3 |  4- 6 |  7- 9 || total
---------------------------+-------+-------+-------++-------
  Melee: Unarmed           |    61 |   162 |    48 ||   271
         Constrict         |    17 |    41 |    13 ||    71
         Tentacles         |    10 |    33 |    14 ||    57
         Punch             |     1 |    13 |     2 ||    16
 Invoke: Renounce Religion |     1 |       |       ||     1
  Evoke: Wand              |       |     1 |       ||     1
    Use: Scroll            |       |     5 |       ||     5
         Potion            |       |     5 |     1 ||     6
   Stab: Sleeping          |    10 |    11 |     2 ||    23
 Armour: Skin              |     6 |    18 |     6 ||    30
  Dodge: Dodged            |    33 |    68 |    26 ||   127

Table legend: (Time is in decaauts)
 A = Elapsed time spent in this place.
 B = Non-inter-level travel time spent in this place.
 C = Inter-level travel time spent in this place.
 D = Time resting spent in this place.
 E = Time spent auto-exploring this place.
 F = Levels seen in this place.
 G = Mean time per level.
                   A        B        C        D        E       F      G
               +--------+--------+--------+--------+--------+-----+--------+
         Total |   6071 |   5795 |    276 |    502 |   4063 |   7 |  867.3 |
       Dungeon |   5286 |   5010 |    276 |    502 |   3487 |   6 |  881.0 |
         Sewer |    785 |    785 |      0 |      0 |    576 |   1 |  785.0 |
               +--------+--------+--------+--------+--------+-----+--------+

Top non-repeatable levels by time:
     D:4: 1003 daAuts
     D:1: 929 daAuts
     D:3: 918 daAuts
     D:2: 914 daAuts
     D:6: 854 daAuts
   Sewer: 785 daAuts
     D:5: 665 daAuts
